Arrhythmia, chaotic female vampiric Convict ######################################### ----- ----------- #---------------------------------# # ###....| |.<......(.######## #-.|..|..|..|....|..|..|..|..|...|# ### |...| |.........| # ###|.|..-..|..-....-..|..|.)|..|...|# # |...| |..........)# ### #|.--|-------....-----|--|-|--...|# ###|...| |.........| # ### #|.)[.[..........................|# #-...| --------.-- ### # ###|.--|-----|-.......----|-|---...|# |...| # # ### #-.|..|..|..|......q|....|...|...|# ---|- ### ### #|.|..|..-..|......@|....|...|...|# ##### # ### #|.----------.......|.(_.|...|...|# # ### # ### #|.............{....|....|...|...|# ### # ### ( #|.------|--------.----------|...|################ ---.- # ##[ #|.|%..%|...|(((.|.-....|(((.|...| -.-+----.--- |...+####### ) #|.|[)=+|...|(((.-.|....|((((|...| |.....^....| |...| (##|.|....|...|(((.|%|.)..|....|...| ##...........| |>..|#########)###(###|.----|----------.---------|-...| # |..........| ----- #..).).)..........................###### ------------ --------------------------------- Arrhythmia the Jail-bird Experience level: 9 Strength: 18/01 Dexterity: 9 Constitution: 17 Intelligence: 11 Wisdom: 12 Charisma: 7 Health: 0(77) Energy: 60(60) AC: -2 Gold: 348 Moves: 3399 Your Inventory: Coins $ - 348 gold pieces Amulets g - an [uncursed] concave amulet [of ESP] Armor b - an uncursed +0 striped shirt (being worn) r - an [uncursed] +0 cloak of displacement (being worn) s - an [uncursed] +0 pair of speed boots (being worn) t - a [blessed] rusty +2 hard hat [dwarvish iron helm] (being worn) w - an [uncursed] +0 dwarvish mithril-coat (being worn) B - an [uncursed] +0 small shield (being worn) Comestibles T - an [uncursed] snake corpse Scrolls N - an [uncursed] scroll labeled PRIRUTSENIE [of enchant weapon] Potions m - a [blessed] potion of oil u - 2 [uncursed] potions of object detection v - a [cursed] clear potion [of unholy water] Wands D - an [uncursed] wand of speed monster [0:3] Tools G - an [uncursed] skeleton key Q - an [uncursed] magic marker [0:53] R - an [uncursed] towel Iron balls c - an [uncursed] rusty heavy iron ball (weapon in hand) Spells known in the end: Name Level Category Fail Memory Your skills at the end: Fighting Skills Weapon Skills sling [Basic / Skilled] Spellcasting Skills Final Attributes: You were piously aligned. Hunger level was 900. Your alignment was 25 / 26. Monster difficulty range was 1 - 8. Level difficulty was 7. You were immune to poison. You were immune to level-drain. You were immune to sickness. You were displaced. You could fly. You could survive without air. You regenerated. You were very fast. Your luck was zero. You are dead. Vanquished creatures: a gelatinous cube 9 watchmen a crocodile an orc-captain a vampire bat a blue jelly 2 snakes 2 water nymphs 2 mountain nymphs a pony a shrieker 7 gnome lords 4 gnomish wizards a kobold mummy an elf zombie a straw golem a giant ant 8 dwarves a kobold shaman 3 rothes 11 killer bees a gas spore 2 hobbits 2 hobgoblins 3 giant rats a yellow mold 35 gnomes a gecko 6 jackals 2 foxes a kobold 2 goblins 2 grid bugs 2 lichens 4 kobold zombies 7 newts 131 creatures vanquished. Voluntary challenges: You went without food. You never hit with a wielded weapon. You read items or engraved 4 times. You put on armor 11 times. You never genocided any monsters. You never polymorphed an object. You never changed form. You used no wishes. You abstained from Elbereth's help. You never encountered a bones level. You never used any Sokoban shortcuts. Dungeon overview: The Dungeons of Doom: levels 1 to 3 Level 1 a fountain a long staircase Level 2 an armor shop, a fountain Level 3 some fountains stairs to The Gnomish Mines The Gnomish Mines: levels 4 to 8 Level 4 stairs to The Dungeons of Doom Level 7 <- You were here some shops, a temple to Tymora, a magic chest, some fountains History has recorded: On T:1 you entered the Dungeons of Doom to retrieve the Amulet of Yendor! On T:225 you advanced to experience level 2. On T:442 you reached level 2 of The Dungeons of Doom. On T:768 you advanced to experience level 3. On T:948 you reached level 3 of The Dungeons of Doom. On T:1046 you reached level 1 of The Gnomish Mines. On T:1048 you advanced to experience level 4. On T:1069 you advanced to experience level 5. On T:1134 you advanced to experience level 6. On T:1623 you reached level 2 of The Gnomish Mines. On T:1714 you advanced to experience level 7. On T:1873 you reached level 3 of The Gnomish Mines. On T:2203 you reached level 4 of The Gnomish Mines. On T:2292 you advanced to experience level 8. On T:3131 you reached level 5 of The Gnomish Mines. On T:3183 you received a fireproof sling of telepathy from Tymora. On T:3244 you advanced to experience level 9. Latest messages: The leocrotta hits! (2x) The leocrotta bites! The leocrotta just misses! You regain consciousness. [HP-24=12] [10 turns] You begin praying to Tymora. You are surrounded by a shimmering light. The leocrotta starts to attack you, but pulls back. (4x) You finish your prayer. You feel that Tymora is well-pleased. Your stomach feels content. [3 turns] Never mind. You drop a gelatinous cube corpse. Your movements are only slowed slightly by your load. The leocrotta hits! The leocrotta just misses! The leocrotta hits! (2x) You die... Final status: Goodbye Arrhythmia the Convict... You died in The Gnomish Mines on dungeon level 7 with 5926 points, and 348 pieces of gold, after 3399 moves. You were level 9 with a maximum of 77 hit points when you died.